 Dungeon Crawl Stone Soup version 0.27.1-34-g3ba077fa99 (webtiles) character file.

Game seed: 385073954840803557

448 Descartes the Covered (level 7, -1/50 HPs)
             Began as a Formicid Warper on Jan 15, 2022.
             Was a Follower of Vehumet.
             Succumbed to a scorpion's poison
             ... on level 4 of the Dungeon.
             The game lasted 00:10:17 (5948 turns).

Descartes the Covered (Formicid Warper)             Turns: 5948, Time: 00:10:18

Health: -1/50      AC: 11    Str: 17    XL:     7   Next: 24%
Magic:  10/10      EV:  7    Int: 13    God:    Vehumet [*.....]
Gold:   84         SH:  0    Dex: 10    Spells: 1/10 levels left

rFire    . . .     SeeInvis +   a - +0 mace
rCold    + . .     Faith    .   (no shield)
rNeg     . . .     Spirit   .   f - +0 chain mail {rC+}
rPois    .         Reflect  .   (helmet unavailable)
rElec    .         Harm     .   (no cloak)
rCorr    .         Rampage  .   (no gloves)
Will     .....                  g - +0 pair of boots
Stlth    ..........             (no amulet)
HPRegen  0.16/turn              d - ring of wizardry
MPRegen  0.12/turn              (no ring)

@: lethally poisoned (-1 -> -17), attractive
A: permanent stasis, dig shafts and tunnels, antennae 3, four strong arms
a: Dig, Shaft Self, Renounce Religion


You were on level 4 of the Dungeon.
You worshipped Vehumet.
Vehumet was aware of your devotion.
You visited 1 branch of the dungeon, and saw 4 of its levels.

You collected 84 gold pieces.

Inventory:

Hand Weapons
 a - a +0 mace (weapon)
Missiles
 c - 5 boomerangs of dispersal (quivered)
 e - 125 stones
 j - 79 sling bullets
Armour
 f - a +0 chain mail of cold resistance (worn)
 g - a +0 pair of boots (worn)
Jewellery
 d - a ring of wizardry (left hand)
Scrolls
 b - a scroll of identify
 h - a scroll of vulnerability {unknown}
 i - a scroll of blinking {unknown}
 k - 2 scrolls of magic mapping {unknown}


   Skills:
 - Level 2.1 Fighting
 - Level 2.0 Maces & Flails
 - Level 1.0 Throwing
 + Level 5.3 Armour
 - Level 1.9 Dodging
 - Level 2.3 Spellcasting
 + Level 5.1 Translocations
 + Level 1.0 Earth Magic


You had one spell level left.
You knew the following spells:

 Your Spells              Type           Power      Damage    Failure   Level
a - Manifold Assault      Tloc           15%        N/A       98%         5
b - Sandblast             Erth           8%         2d5       61%         1
c - Confusing Touch       Hex            1%         N/A       98%         3

Your spell library contained the following spells:

 Spells                   Type           Power      Damage    Failure   Level
 Gell's Gravitas          Tloc           7%         N/A       41%         3
 Lesser Beckoning         Tloc           7%         N/A       41%         3
 Teleport Other           Tloc           15%        N/A       41%         3
 Slow                     Hex            1%         N/A       86%         2
 Vampiric Draining        Necr           0%         2d6       98%         3
 Blink                    Tloc           Unusable   N/A       N/A         2

Dungeon Overview and Level Annotations

Branches:
Dungeon (4/15)
 Temple: D:4-7

Altars:
Vehumet


Innate Abilities, Weirdness & Mutations

You cannot be hasted, slowed, berserked, paralysed or teleported.
You can dig through walls and to a lower floor.
You have a pair of large antennae on your head. (SInv)
Your four strong arms can wield two-handed weapons with a shield.


Message History

The scorpion is moderately wounded.
You feel very sick. The scorpion stings you.
The scorpion stings you but does no damage.
You are too injured to fight recklessly!
You are too injured to fight recklessly!
You are too injured to fight recklessly!
You are too injured to fight recklessly!
You are too injured to fight recklessly!
You are too injured to fight recklessly!
You are too injured to fight recklessly!
You are too injured to fight recklessly!
You are too injured to fight recklessly!
You are too injured to fight recklessly!
You are too injured to fight recklessly!
You are too injured to fight recklessly!
You are too injured to fight recklessly!
You are too injured to fight recklessly!
You are too injured to fight recklessly!
You are too injured to fight recklessly!
You are too injured to fight recklessly!
You feel very sick.
You feel very sick.
You feel sick.
You feel sick. The scorpion completely misses you.
You feel sick.
You barely miss the scorpion.
The scorpion is moderately wounded.
You feel sick. The scorpion barely misses you.
You hit the scorpion.
The scorpion is severely wounded.
You feel sick. The scorpion stings you!
* * * LOW HITPOINT WARNING * * *
The scorpion stings you.
* * * LOW HITPOINT WARNING * * *
You are more poisoned.
The scorpion poisons you!
It was a potion of attraction.
You feel attractive to monsters.
You die...

#..######..###########.#
#..# #.... #.# #..#
#.#.# #.# #..# #.#.# #.#
#..# #.#.# #######.#
#..# ##.#.# #......<#
#..###....#### #.#######
#<....)......# #.# ###
#.####.......# #@# ...
#.##....###..# #s##.##
#.##.#### #..###.#...##
#.##. #..##.......##
#.## #............. #.
.......###.......#. ##
######..........##
#.##...##.## #.#..... ##


You could see a scorpion.

Vanquished Creatures
  Sigmund (D:2)
  An orc priest (D:3)
  An orc wizard (D:3)
  Natasha (thrice) (D:2 D:3)
  Robin (D:3)
  5 adders
  A worm (D:2)
  2 dart slugs (D:2)
  4 orcs (D:3)
  9 ball pythons
  7 bats
  6 endoplasms
  2 giant cockroaches
  14 goblins
  12 hobgoblins
  8 jackals
  2 quokkas
  3 frilled lizards
  5 kobolds
  4 rats
91 creatures vanquished.

Notes
Turn   | Place    | Note
-------+----------+-------------------------------------------
     0 | D:1      | Descartes the Formicid Warper began the quest for the Orb.
     0 | D:1      | Reached XP level 1. HP: 16/16 MP: 3/3
   279 | D:1      | Reached XP level 2. HP: 19/22 MP: 5/5
  1055 | D:1      | Reached XP level 3. HP: 27/27 MP: 6/6
  2146 | D:2      | Noticed Sigmund
  2147 | D:2      | Reached XP level 4. HP: 28/33 MP: 7/7
  2863 | D:1      | Learned a level 3 spell: Confusing Touch
  3131 | D:2      | Noticed Natasha
  3163 | D:2      | Killed Natasha
  3164 | D:2      | Reached XP level 5. HP: 10/38 MP: 8/8
  3452 | D:2      | Killed Sigmund
  3453 | D:2      | Reached XP level 6. HP: 24/44 MP: 9/9
  3700 | D:2      | Noticed Natasha
  3713 | D:2      | Killed Natasha
  3933 | D:3      | Noticed an eye of devastation
  3936 | D:3      | Found a faded altar of an unknown god.
  3988 | D:3      | HP: 3/66 [orc (1)]
  3994 | D:3      | HP: 2/44 [orc priest (1)]
  3996 | D:3      | Reached skill level 5 in Armour
  3996 | D:3      | Reached skill level 5 in Translocations
  3996 | D:3      | Reached XP level 7. HP: 3/50 MP: 10/10
  4237 | D:2      | Noticed Natasha
  4271 | D:3      | Killed Natasha
  4468 | D:3      | Noticed an eye of devastation
  4469 | D:3      | Noticed an eye of devastation
  4480 | D:3      | Became a worshipper of Vehumet
  4480 | D:3      | Reached * piety under Vehumet
  4480 | D:3      | Offered knowledge of Sandblast by Vehumet.
  4483 | D:3      | Learned a level 1 spell: Sandblast
  4649 | D:3      | Learned a level 5 spell: Manifold Assault
  4672 | D:3      | Noticed Robin
  5481 | D:3      | Killed Robin
  5801 | D:4      | Reached skill level 1 in Earth Magic
  5947 | D:4      | HP: 2/50 [scorpion (1)]
  5948 | D:4      | Succumbed to a scorpion's poison

Illustrated notes

Levels and vault maps discovered:
D:1:      eino_arrival_cavern_b, layout_basic, corexii_item_surrounded_by_moat,
          st_stairs_13, minmay_misc_feat_rows, serial_park_tiny_1
D:2:      layout_basic, minmay_misc_feat_alley, uniq_natasha, uniq_sigmund
D:3:      layout_basic, hellmonk_ecumenical_altar_watching_god, uniq_robin
D:4:      layout_loops_ring, uniq_grinder

Skill      XL: |  1  2  3  4  5  6  7 |
---------------+----------------------+-----
Translocations | 3 4 5 |  5.1
Armour         | 2 3 4 5 |  5.3
Earth Magic    | 1 |  1.0
Fighting       | |  2.1
Maces & Flails | |  2.0
Throwing       | |  1.0
Dodging        | |  1.9
Spellcasting   | |  2.3

Action                   |  1- 3 |  4- 6 |  7- 9 || total
-------------------------+-------+-------+-------++-------
Melee: Mace              |   147 |   151 |   129 ||   427
 Abil: Dig               |     1 |     5 |       ||     6
  Use: Potion            |     1 |     4 |     1 ||     6
       Scroll            |       |     2 |       ||     2
Armor: Leather armour    |    60 |     3 |       ||    63
       Ring mail         |       |    44 |     5 ||    49
       Skin              |       |    15 |       ||    15
       Chain mail        |       |       |   100 ||   100
Dodge: Dodged            |   147 |    88 |    74 ||   309
